 Dungeon Crawl Stone Soup version 0.19.4-8-ga85b6b9 (webtiles) character file.

5507 empire the Skirmisher (level 10, -8/77 HPs)
             Began as a Mummy Fighter on Feb 14, 2017.
             Was an Initiate of Gozag.
             Mangled by a red ugly thing (28 damage)
             ... on level 9 of the Dungeon.
             The game lasted 00:29:03 (10283 turns).

empire the Skirmisher (Mummy Fighter)              Turns: 10283, Time: 00:29:04

Health: -8/77      AC: 17    Str: 22    XL:     10   Next: 42%
Magic:  13/13      EV:  5    Int: 10    God:    Gozag
Gold:   558        SH:  9    Dex: 13    Spells: 0 memorised, 9 levels left

rFire  x . .     SeeInvis .     b - +7 Screaming Sword
rCold  + + .     Gourm    .     l - +1 chain mail
rNeg   + + +     Faith    .     c - +0 shield
rPois  ∞         Spirit   .     p - +1 helmet {Int+3}
rElec  .         Reflect  .     x - +0 cloak
rCorr  .         Harm     .     B - +0 pair of gloves
MR     ++...                    z - +0 pair of boots
Stlth  ..........               (no amulet)
                                j - ring of protection from magic
                                e - ring of protection from cold

@: no status effects
A: no food or potions, fire vulnerability, cold resistance 1, negative energy
resistance 3, torment resistance, unbreathing
a: Potion Petition, Call Merchant, Bribe Branch, Renounce Religion


You were on level 9 of the Dungeon.
You worshipped Gozag.
Gozag was pleased with you.
You were not hungry.

You visited 2 branches of the dungeon, and saw 10 of its levels.

You collected 1648 gold pieces.
You spent 370 gold pieces at shops.
You paid 720 gold pieces to Gozag.

Inventory:

Hand Weapons
 a - a +0 flail
 b - the +7 Screaming Sword (weapon)
   (You found it on level 7 of the Dungeon)
 d - a +0 falchion of holy wrath
 i - a cursed -1 hand axe
 k - a +2 vampiric hand axe
 m - a cursed +0 glaive
 o - a +0 long sword
 q - a +1 war axe of freezing
 r - a +3 quarterstaff of chaos
 u - a +4 battleaxe
 v - a cursed +0 great sword
 w - a +1 short sword of speed
 y - a +0 short sword
Armour
 c - a +0 shield (worn)
 l - a +1 chain mail (worn)
 p - a +1 helmet of intelligence (worn)
 t - a +0 plate armour
 x - a +0 cloak (worn)
 z - a +0 pair of boots (worn)
 B - a +0 pair of gloves (worn)
Jewellery
 e - a ring of protection from cold (left hand)
 j - a ring of protection from magic (right hand)
 D - a +2 ring of strength {unknown}
Wands
 h - a wand of heal wounds (0/9)
 A - a wand of confusion (16/48)
Scrolls
 f - a scroll of fog
 g - 2 scrolls of teleportation
 n - 4 scrolls of identify
 s - a scroll of torment
Books
 C - a book of Party Tricks

   Spells                             Type                      Level
   a - Summon Butterflies             Summoning                    1
   b - Apportation                    Translocation                1
   c - Lesser Beckoning               Translocation                3
   d - Tukima's Dance                 Hexes                        3
   e - Alistair's Intoxication        Transmutation/Poison         5
   f - Invisibility                   Hexes                        6


   Skills:
 - Level 6.9 Fighting
 - Level 4.1(6.0) Short Blades
 * Level 6.6(7.2) Long Blades
 - Level 5.3 Maces & Flails
 - Level 5.7 Armour
 - Level 3.2 Shields
 - Level 4.5 Evocations


You had 9 spell levels left.
You didn't know any spells.

Dungeon Overview and Level Annotations

Branches:
Dungeon (9/15)             Temple (1/1) D:5
   Lair: D:8-11         Orc: D:9-12

Altars:
Ashenzari
Cheibriados
Dithmenos
Elyvilon
Fedhas
Gozag
Hepliaklqana
Kikubaaqudgha
Makhleb
Nemelex Xobeh
Okawaru
Qazlal
Ru
Sif Muna
Trog
Uskayaw
Vehumet
Xom
Yredelemnul
Zin
The Shining One

Shops:
D:5 [   D:7 }   D:8 [


Innate Abilities, Weirdness & Mutations

You do not eat or drink.
Your flesh is vulnerable to fire.
You are immune to poison.
Your flesh is cold resistant. (rC+)
You are immune to negative energy. (rN+++)
You are immune to unholy pain and torment.
You can survive without breathing.


Message History

The red ugly thing is heavily wounded.
The red ugly thing claws you.
You are engulfed in flames!!
The fire burns you terribly!
* * * LOW HITPOINT WARNING * * *
Evoke which item? (* to show all) (? for menu, Esc to quit)
Zapping:
h - a wand of heal wounds (2/9)
Press: ? - help, Shift-Dir - straight line, f - you You feel much better.
This wand has 1 charge left.
The red ugly thing claws you.
You are engulfed in flames!!
The fire burns you terribly!
* * * LOW HITPOINT WARNING * * *
Evoke which item? (* to show all) (? for menu, Esc to quit)
Zapping:
h - a wand of heal wounds (1/9)
Press: ? - help, Shift-Dir - straight line, f - you You feel much better.
This wand has 0 charges left.
The red ugly thing claws you!
* * * LOW HITPOINT WARNING * * *
You are engulfed in flames!!
The fire burns you terribly!
You die...
Your body crumbles into a pile of gold.

#..........#####
###............#
#......#####.#
#......#####.#
#......##....#
########......##.####
........>.....##.#
.###.##.......##.#
..##.#........##@#
#.##.#........##u#
#..#.#........##S#
...#.#...#.#####.#
<#...#...#.# #.#
.#...#...#.# #.#
.#...#...#.# ...
.#.#.# #.# .#.#...
#.#


You could see a red ugly thing and an adder.

Vanquished Creatures
  The ghost of Azzok the Archer, a novice CeHu (D:7)
  Pikel (D:5)
  A queen bee (D:8)
  Grinder (D:5)
  A hippogriff (D:8)
  A hungry ghost (D:9)
  A sky beast (D:7)
  A slave (D:5)
  3 ice beasts
  2 orc warriors
  2 black bears
  5 ogres
  A phantom (D:8)
  A necrophage (D:6)
  4 centaurs
  A big kobold (D:8)
  2 bullfrogs
  5 scorpions
  A water moccasin zombie (D:8)
  7 killer bees (D:8)
  5 wights (D:7)
  4 howler monkeys (D:8)
  3 crimson imps
  4 hounds
  A jelly (D:9)
  3 orc wizards (D:5)
  A bullfrog skeleton (D:5)
  4 orc priests
  Crazy Yiuf (D:6)
  6 worker ants
  A worker ant zombie (D:8)
  8 gnolls
  18 adders
  4 shadow imps
  An adder skeleton (D:8)
  An adder zombie (D:8)
  5 worms
  5 dart slugs
  5 leopard geckos
  21 orcs
  14 bats
  3 giant cockroaches
  10 goblins
  3 hobgoblins
  13 jackals
  3 quokkas
  4 frilled lizards
  13 kobolds
  6 rats
212 creatures vanquished.

Vanquished Creatures (others)
  A sky beast (D:8)
1 creature vanquished.

Grand Total: 213 creatures vanquished

Notes
Turn   | Place    | Note
-------+----------+-------------------------------------------
     0 | D:1      | empire the Mummy Fighter began the quest for the Orb.
     0 | D:1      | Reached XP level 1. HP: 18/18 MP: 1/1
    40 | D:1      | Reached XP level 2. HP: 5/24 MP: 2/2
   556 | D:1      | Reached XP level 3. HP: 24/29 MP: 3/3
   682 | D:1      | You fall through a shaft!
  1014 | D:2      | Found an opulent altar of Gozag.
  1025 | D:2      | Became a worshipper of Gozag Ym Sagoz the Greedy
  1448 | D:2      | Reached XP level 4. HP: 37/37 MP: 4/4
  1884 | D:2      | Reached XP level 5. HP: 40/42 MP: 5/5
  2261 | D:3      | Reached skill level 1 in Short Blades
  2401 | D:4      | Found a glowing golden altar of the Shining One.
  2438 | D:3      | Noticed a dagger
  2441 | D:3      | Found a hide-covered altar of Uskayaw.
  2441 | D:3      | Noticed a hand axe
  3493 | D:4      | Reached XP level 6. HP: 48/48 MP: 6/6
  3547 | D:4      | Found a blossoming altar of Fedhas.
  4112 | D:5      | Entered Level 5 of the Dungeon
  4331 | D:5      | Reached XP level 7. HP: 31/54 MP: 7/7
  4503 | D:5      | Noticed Pikel
  4623 | D:5      | Reached skill level 1 in Evocations
  4719 | D:5      | Found a staircase to the Ecumenical Temple.
  4745 | Temple   | Entered the Ecumenical Temple
  5132 | D:5      | Noticed Grinder
  5137 | D:5      | Paralysed by Grinder for 2 turns
  5174 | D:5      | Killed Grinder
  5174 | D:5      | Reached skill level 5 in Fighting
  5212 | D:5      | Reached XP level 8. HP: 56/62 MP: 9/9
  5295 | D:5      | Found an iron altar of Okawaru.
  5461 | D:5      | Killed Pikel
  5498 | D:5      | Found a blossoming altar of Fedhas.
  5498 | D:5      | Found an ancient bone altar of Kikubaaqudgha.
  6373 | D:6      | Reached skill level 5 in Armour
  6393 | D:6      | Reached XP level 9. HP: 33/69 MP: 11/11
  6644 | D:6      | Found a runed door.
  6648 | D:6      | Noticed Crazy Yiuf
  6657 | D:6      | Killed Crazy Yiuf
  6858 | D:6      | Found a glowing silver altar of Zin.
  7367 | D:7      | Found a burning altar of Makhleb.
  7368 | D:7      | Found a shimmering altar of Xom.
  7393 | D:7      | Noticed Azzok's ghost (novice CeHu)
  7545 | D:5      | Bought a shiny helmet for 262 gold pieces
  7635 | D:7      | Found Huhab's Gadget Boutique.
  7726 | D:7      | Reached skill level 5 in Maces & Flails
  8228 | D:7      | Reached skill level 1 in Long Blades
  8313 | D:7      | Killed Azzok's ghost
  8792 | D:8      | Found Viteif's Antique Armour Boutique.
  8821 | D:8      | Reached XP level 10. HP: 77/77 MP: 13/13
  8918 | D:8      | Reached skill level 5 in Long Blades
  8943 | D:8      | Bought a pair of boots for 108 gold pieces
 10272 | D:9      | Noticed a red ugly thing
 10282 | D:9      | HP: 1/77 [red ugly thing (30)]
 10283 | D:9      | Mangled by a red ugly thing

Skill      XL: |  1  2  3  4  5  6  7  8  9 10 |
---------------+-------------------------------+-----
Maces & Flails | 2 3 4 5 |  5.3
Armour         | 3 4 5 |  5.7
Fighting       | 4 5 6 |  6.9
Short Blades   | 2 4 |  4.1
Evocations     | 2 3 4 |  4.5
Shields        | 3 |  3.2
Long Blades    | 4 6 |  6.6

Action                   |  1- 3 |  4- 6 |  7- 9 | 10-12 || total
-------------------------+-------+-------+-------+-------++-------
Melee: Flail             |   136 |    39 |       |       ||   175
       Short sword       |       |   389 |   708 |       ||  1097
       Double sword      |       |       |    44 |   130 ||   174
Invok: Call Merchant     |       |       |     1 |       ||     1
Evoke: Wand              |       |       |     6 |     3 ||     9
  Use: Scroll            |       |     6 |     8 |     2 ||    16
 Stab: Distracted        |       |     1 |     1 |       ||     2
Armor: Scale mail        |    83 |    21 |       |       ||   104
       Chain mail        |       |   139 |   253 |   100 ||   492
Dodge: Dodged            |    49 |    68 |    94 |    28 ||   239
Block: Shield            |    92 |   164 |   210 |    95 ||   561
       Rpst.: Double sword |       |       |     4 |     5 ||     9
